 Dungeon Crawl Stone Soup version 0.23-a0-183-gf37f6fb (webtiles) character file.

380 iamserjio the Ruffian (level 6, -1/53 HPs)
             Began as a Draconian Wanderer on Sept 22, 2018.
             Slain by an orc wizard
             ... wielding a +0 dagger
              (7 damage)
             ... on level 4 of the Dungeon.
             The game lasted 00:07:57 (4525 turns).

iamserjio the Ruffian (Draconian Wanderer)          Turns: 4525, Time: 00:07:58

Health: -1/53      AC:  7    Str: 12 (14) XL:     6   Next: 46%
Magic:  6/6        EV: 11    Int: 12 (14) God:
Gold:   222        SH:  0    Dex:  8 (11) Spells: 5/5 levels left

rFire    . . .     SeeInvis .   t - +1 whip (elec)
rCold    + . .     Gourm    .   (no shield)
rNeg     . . .     Faith    .   (armour unavailable)
rPois    .         Spirit   .   (helmet restricted)
rElec    .         Reflect  .   (no cloak)
rCorr    .         Harm     .   (no gloves)
MR       +....                  p - +0 pair of boots (curse)
Stlth    ++........             (no amulet)
HPRegen  0.17/turn              (no ring)
MPRegen  0.10/turn              (no ring)

@: hasted, very quick
A: unfitting armour, hooves 1, cold resistance 1, magic resistance 1,
cold-blooded, subdued magic 1, AC +6
a: no special abilities


You were on level 4 of the Dungeon.
You were very hungry.

You visited 1 branch of the dungeon, and saw 4 of its levels.

You collected 222 gold pieces.

Inventory:

Hand Weapons
 a - a +2 falchion
 b - a +0 hunting sling
 d - a +0 dagger
 t - a +1 whip of electrocution (weapon)
 v - a +1 whip of draining
Missiles
 r - 63 stones (quivered)
Armour
 l - a +2 large shield
 p - a cursed +0 pair of boots (worn)
 x - a +0 cloak
Jewellery
 j - an uncursed amulet of magic regeneration {unknown}
Wands
 u - a wand of paralysis (15)
Scrolls
 g - a scroll of blinking {unknown}
 k - 2 scrolls of identify {unknown}
 m - a scroll of fear {unknown}
 n - 2 scrolls of remove curse {unknown}
 o - a scroll of immolation {unknown}
 s - a scroll of amnesia {unknown}
 w - a scroll of magic mapping {unknown}
Potions
 c - a potion of curing {@q1}
 h - a potion of mutation
 i - 3 potions of degeneration
 z - a potion of heal wounds {unknown}
Comestibles
 f - 5 rations


   Skills:
 - Level 4.6 Fighting
 - Level 1.0 Long Blades
 - Level 1.0 Dodging
 - Level 1.7 Stealth
 - Level 1.0 Shields
 * Level 5.3 Unarmed Combat
   Level 1.0 Transmutations
   Level 2.0 Fire Magic
 + Level 0.0 Evocations


You had 5 spell levels left.
You didn't know any spells.
Your spell library was empty.

Dungeon Overview and Level Annotations

Branches:
Dungeon (4/15)
 Temple: D:4-7

Altars:
Nemelex Xobeh
Sif Muna
Uskayaw
Yredelemnul
Zin
The Shining One


Innate Abilities, Weirdness & Mutations

Your plain brown scales are hard. (AC +6)
You cannot fit into any form of body armour.
You are cold-blooded and may be slowed by cold attacks.
You have large cloven feet.
Your flesh is cold resistant. (rC+)
You are resistant to hostile enchantments. (MR+)
Your spells are a little easier to cast, but a little less powerful.


Message History

The orc priest hits you with a morningstar.
You barely miss the orc priest.
The orc wizard mumbles some strange words.
The orc wizard blinks!
The orc misses you. The orc priest barely misses you.
The orc wizard points at you and mumbles some strange words.
The magic dart hits you!
* * * LOW HITPOINT WARNING * * *
It was a potion of magic.
Magic courses through your body. The orc hits you with a club.
* * * LOW HITPOINT WARNING * * *
The orc priest closely misses you.
It was a potion of degeneration.
There was something very wrong with that liquid.
You feel weakened.
You feel dopey.
You feel clumsy. The orc wizard closely misses you. The orc misses you.
The orc wizard hits you with a dagger.
* * * LOW HITPOINT WARNING * * *
It was a potion of haste.
You feel yourself speed up. The orc priest closely misses you.
The orc wizard hits you with a dagger!
You die...

............ ...
............ ..(
#.......... ...
.##......... #..
...........# .##..
...........# ##...##..
#........+ #....#...
##...o....# ....#...
#....o@...######...##..
#....o##..##..##...##..
#..... #..##........#..
#..... #(...........#..
#..... #....)......##..
##.... #...........##..
#.... #.............).
#.... #...............
#...............


You could see an orc priest, an orc wizard and an orc.

Vanquished Creatures
  2 ogres
  2 orc priests (D:3)
  Natasha (D:2)
  Robin (D:2)
  4 adders
  An ooze (D:3)
  2 worms
  3 dart slugs
  A leopard gecko (D:3)
  4 orcs
  17 goblins
  7 hobgoblins
  3 jackals (D:2)
  A quokka (D:3)
  8 bats
  A frilled lizard (D:1)
  5 kobolds
  7 rats
70 creatures vanquished.

Notes
Turn   | Place    | Note
-------+----------+-------------------------------------------
     0 | D:1      | iamserjio the Draconian Wanderer began the quest for the
                  | Orb.
     0 | D:1      | iamserjio set off with: a +2 falchion, a potion of
                  | lignification, a potion of curing {@q1}, a +0 dagger, a
                  | ration
     0 | D:1      | Reached XP level 1. HP: 17/17 MP: 1/1
   126 | D:1      | Reached skill level 1 in Unarmed Combat
   346 | D:1      | Reached XP level 2. HP: 25/25 MP: 2/2
   982 | D:2      | Reached skill level 2 in Unarmed Combat
  1043 | D:2      | Reached XP level 3. HP: 19/30 MP: 3/3
  1143 | D:2      | Found a deep blue altar of Sif Muna.
  1270 | D:2      | Found a basalt altar of Yredelemnul.
  1273 | D:2      | Found a hide-covered altar of Uskayaw.
  1288 | D:2      | Found a glowing golden altar of the Shining One.
  1291 | D:2      | Found a glowing silver altar of Zin.
  1748 | D:2      | Noticed Natasha
  1758 | D:2      | Killed Natasha
  1758 | D:2      | Reached skill level 3 in Unarmed Combat
  1758 | D:2      | Reached XP level 4. HP: 16/38 MP: 4/4
  2089 | D:2      | Noticed Robin
  2116 | D:2      | Killed Robin
  2377 | D:2      | Found a sparkling altar of Nemelex Xobeh.
  3150 | D:3      | Reached XP level 5. HP: 46/46 MP: 5/5
  3181 | D:3      | Reached skill level 4 in Unarmed Combat
  3201 | D:3      | Noticed an ogre
  3858 | D:3      | Killed an ogre
  3858 | D:3      | Reached XP level 6. HP: 28/53 MP: 6/6
  4313 | D:4      | Reached skill level 5 in Unarmed Combat
  4519 | D:4      | Gained mutation: You have large cloven feet. [potion of
                  | mutation]
  4519 | D:4      | Gained mutation: Your flesh is cold resistant. (rC+)
                  | [potion of mutation]
  4519 | D:4      | Gained mutation: Your spells are a little easier to cast,
                  | but a little less powerful. [potion of mutation]
  4519 | D:4      | Gained mutation: You are resistant to hostile enchantments.
                  | (MR+) [potion of mutation]
  4525 | D:4      | Slain by an orc wizard

Vault maps used:
D:1:      scummos_arrival_checkerplants
D:2:      lemuel_crystal_altar, nemelex_altar_shiori,
          grunt_temple_overflow_cloverleaf, uniq_robin, uniq_natasha

Skill      XL: |  1  2  3  4  5  6 |
---------------+-------------------+-----
Unarmed Combat | 1 2 3 4 5 |  5.3
Fighting       | 3 4 |  4.6
Long Blades    | |  1.0
Dodging        | |  1.0
Stealth        | |  1.7
Shields        | |  1.0
Transmutations | |  1.0
Fire Magic     | |  2.0

Action                   |  1- 3 |  4- 6 || total
-------------------------+-------+-------++-------
Melee: Falchion          |    68 |     6 ||    74
       Tailslap          |     6 |    10 ||    16
       Punch             |     3 |     1 ||     4
       Unarmed           |       |    57 ||    57
       Whip              |       |    67 ||    67
  Use: Potion            |       |     6 ||     6
 Stab: Sleeping          |     4 |     1 ||     5
  Eat: Chunk             |     2 |     8 ||    10
Armor: Skin              |    15 |    95 ||   110
Dodge: Dodged            |    41 |    89 ||   130
       Rpst.: Falchion   |    16 |     1 ||    17

Table legend:
 A = Non-vault XP
 B = Vault XP
 C = Vault XP percentage of total XP
 D = Non-vault monster count
 E = Vault monster count
 F = Vault count percentage of total count
                 A         B        C        D         E       F
            +---------+---------+-------+---------+---------+-------
      Total |     475 |      69 |  12.7 |      58 |      12 |  17.1
            +---------+---------+-------+---------+---------+-------
        D:1 |      28 |       0 |   0.0 |      17 |       0 |   0.0
        D:2 |      53 |      69 |  56.6 |      16 |      12 |  42.9
        D:3 |     275 |       0 |   0.0 |      22 |       0 |   0.0
        D:4 |     119 |       0 |   0.0 |       3 |       0 |   0.0
            +---------+---------+-------+---------+---------+-------
